 Dungeon Crawl Stone Soup version 0.20-a0-1116-gaa52201 (webtiles) character file.

93 Rrauwl the Shield-Bearer (level 4, -4/37 HPs)
             Began as a Formicid Fighter on May 8, 2017.
             Slain by Grinder (6 damage)
             ... on level 3 of the Dungeon.
             The game lasted 00:06:14 (1416 turns).

Rrauwl the Shield-Bearer (Formicid Fighter)         Turns: 1416, Time: 00:06:15

Health: -4/37      AC:  7    Str: 19 (22) XL:     4   Next: 92%
Magic:  4/4        EV:  6    Int: 10 (12) God:
Gold:   87         SH: 13    Dex:  9 (10) Spells: 2/3 levels left

rFire    . . .     SeeInvis +   a - +0 war axe
rCold    . . .     Gourm    .   e - +0 large shield
rNeg     . . .     Faith    .   b - +0 scale mail
rPois    .         Spirit   .   (helmet unavailable)
rElec    .         Reflect  .   (no cloak)
rCorr    .         Harm     .   (no gloves)
MR       .....                  (no boots)
Stlth    ..........             (no amulet)
Regen    0.2/turn               (no ring)
MPRegen  0.1/turn               (no ring)

@: brilliant
A: permanent stasis, dig shafts and tunnels, four strong arms, antennae 3
a: Dig, Shaft Self


You were on level 3 of the Dungeon.
You were not hungry.

You visited 1 branch of the dungeon, and saw 3 of its levels.

You collected 87 gold pieces.

Inventory:

Hand Weapons
 a - a +0 war axe (weapon)
Armour
 b - a +0 scale mail (worn)
 e - a +0 large shield (worn)
Scrolls
 d - a scroll of random uselessness
 i - 2 scrolls of recharging
 j - a scroll of identify
 k - a scroll of blinking {unknown}
 o - a scroll of immolation {unknown}
Books
 m - a book of Cantrips

   Spells                             Type                      Level
   a - Confusing Touch                Hexes                        1
   b - Animate Skeleton               Necromancy                   1
   c - Summon Small Mammal            Summoning                    1
   d - Apportation                    Translocation                1
Comestibles
 c - 2 chunks of flesh
 f - a bread ration
 n - a meat ration
 p - a royal jelly


   Skills:
 + Level 3.8 Fighting
 + Level 3.1 Axes
 - Level 4.0 Armour
 - Level 1.0 Dodging
 - Level 4.0 Shields


You had 2 spell levels left.
You knew the following spells:

 Your Spells              Type           Power        Failure   Level  Hunger
a - Apportation           Tloc           #.....       67%         1    ##.....


Dungeon Overview and Level Annotations

Branches:
Dungeon (3/15)

Altars:
Fedhas
Trog

Annotations:
D:2 exclusion: oklob plant
D:3 Grinder


Innate Abilities, Weirdness & Mutations

You cannot be hasted, slowed, berserked, paralysed or teleported.
You can dig through walls and to a lower floor.
Your four strong arms can wield two-handed weapons with a shield.
You have a pair of large antennae on your head. (SInv)


Message History

Grinder gestures at you. Pain shoots through your body!
Grinder blinks!
You block Grinder's attack.
You hit Grinder.
Grinder is heavily wounded.
Grinder hits you but does no damage. Grinder gestures at you.
Your stasis prevents you from being paralysed.
Your shield and scale mail prevent you from hitting Grinder.
Grinder is heavily wounded.
You block Grinder's attack. x2
Grinder gestures at you. Pain shoots through your body!
* * * LOW HITPOINT WARNING * * *
Your shield prevents you from hitting Grinder.
Grinder is heavily wounded.
Grinder barely misses you. Grinder hits you.
* * * LOW HITPOINT WARNING * * *
You writhe in agony.
You die...

### #.. . { #.# .#
#######.###.#
......5.....##.
##@......%
##########...#####.
#..........#....#
#.########†..##.#
#.# ##.## .. #.# .#
#. ######.# .#
....<..# ..
######## ##


You could see Grinder.

Vanquished Creatures
  Jessica (D:2)
  3 adders (D:2)
  An ooze (D:1)
  2 dart slugs
  A leopard gecko (D:1)
  2 giant cockroaches
  3 goblins
  6 hobgoblins (D:1)
  6 kobolds
  3 quokkas (D:2)
  A frilled lizard (D:1)
  A rat (D:1)
30 creatures vanquished.

Notes
Turn   | Place    | Note
-------+----------+-------------------------------------------
     0 | D:1      | Rrauwl the Formicid Fighter began the quest for the Orb.
     0 | D:1      | Reached XP level 1. HP: 18/18 MP: 1/1
    50 | D:1      | Reached XP level 2. HP: 24/24 MP: 2/2
   426 | D:1      | Reached skill level 1 in Dodging
   426 | D:1      | Reached XP level 3. HP: 29/29 MP: 3/3
   764 | D:2      | Noticed Jessica
   771 | D:2      | Killed Jessica
   771 | D:2      | Reached XP level 4. HP: 36/36 MP: 4/4
   803 | D:2      | Learned a level 1 spell: Apportation
   809 | D:2      | Found a blossoming altar of Fedhas.
   832 | D:2      | Noticed an oklob plant
   878 | D:2      | Found a faded altar of an unknown god.
  1207 | D:2      | Found a bloodstained altar of Trog.
  1401 | D:3      | Noticed Grinder
  1416 | D:3      | Slain by Grinder

Vault maps used:
D:1:      dpeg_arrival_fog, minmay_crystal_water, hangedman_decor_growths,
          serial_bayou_lake_a
D:2:      tgw_fedhas, lemuel_coloured_pillars_altar,
          chequers_ecumenical_altar_simple, uniq_jessica
D:3:      tgw_xom, uniq_grinder

Skill      XL: |  1  2  3  4 |
---------------+-------------+-----
Dodging        | 1 |  1.0
Shields        | 4 |  4.0
Armour         | 4 |  4.0
Axes           | 3 |  3.1
Fighting       | |  3.8

Action                   |  1- 3 |  4- 6 || total
-------------------------+-------+-------++-------
Melee: War axe           |    50 |    63 ||   113
  Use: Scroll            |     3 |     2 ||     5
       Potion            |     1 |     4 ||     5
  Eat: Chunk             |       |     2 ||     2
Armor: Scale mail        |     7 |    19 ||    26
Dodge: Dodged            |     5 |    11 ||    16
Block: Large shield      |    40 |    49 ||    89
       Shield            |     1 |       ||     1
